 Dungeon Crawl Stone Soup version 0.14.2 (webtiles) character file.

4 Amnesiac the Charlatan (level 1, 0/10 HPs)
             Began as a Spriggan Artificer on Feb 4, 2018.
             Slain by a goblin (4 damage)
             ... on Level 1 of the Dungeon.
             The game lasted 00:00:19 (171 turns).

Amnesiac the Charlatan (Spriggan Artificer)          Turns: 171, Time: 00:00:19

HP   0/10        AC  2     Str  7      XL: 1   Next: 58%
MP   2/2         EV 18     Int 13      God:
Gold 0           SH  0     Dex 16      Spells:  0 memorised,  0 levels left

rFire  + . .     SeeInvis +     a - +0 short sword
rCold  . . .     Clarity  .     e - +0 robe
rNeg   . . .     Conserve .     (shield restricted)
rPois  .         rCorr    .     (helmet restricted)
rElec  .         rRot     .     (no cloak)
SustAb . .       Spirit   .     (gloves unavailable)
rMut   .         Warding  .     (boots unavailable)
Saprov . . .     Stasis   .     (no amulet)
MR     .....                    (no ring)
                                g - ring of protection from fire {unknown}

@: very quick, not resistant to hostile enchantments, fairly stealthy
A: unfitting armour, see invisible, herbivore 3, speed 3, slow metabolism 2
a: no special abilities


You were on level 1 of the Dungeon.
You were not hungry.

You visited 1 branch of the dungeon, and saw 1 of its levels.

Inventory:

Hand weapons
 a - a +0,+0 short sword (weapon)
Armour
 e - a +0 robe (worn)
Magical devices
 b - a wand of flame (15)
 c - a wand of enslavement (15)
 d - a wand of random effects (15)
Jewellery
 g - a ring of protection from fire (left hand) {unknown}
Potions
 f - a potion of porridge {!q}


   Skills:
 - Level 1.0 Fighting
 - Level 1.1 Short Blades
 + Level 3.3 Dodging
 - Level 1.5 Stealth
 * Level 4.1 Evocations


You couldn't memorise any spells.
You didn't know any spells.

Dungeon Overview and Level Annotations

Branches:
Dungeon (1/15)

Altars:


Innate Abilities, Weirdness & Mutations

You are tiny and cannot use many weapons and most armour.
You have supernaturally acute eyesight.
You are a herbivore.
You cover ground extremely quickly.
You need consume almost no food.


Message History

The ball python closely misses you. The ball python grabs you.
The ball python constricts you.
You hit the ball python.
You kill the ball python!
No target in view!
No target in view!
You start resting.
HP restored.
Found 16 stones.
g - a blackened gilded ring Put on which piece of jewellery? (? for menu, Esc to quit)
g - a blackened gilded ring (left hand) {tried}
Found a ring mail.
A hobgoblin comes into view. It is wielding a club.
The hobgoblin shouts!
A hobgoblin is nearby!
A giant newt comes into view.
You hit the hobgoblin.
The hobgoblin is heavily wounded.
The hobgoblin misses you.
You hit the hobgoblin but do no damage.
The hobgoblin is heavily wounded.
The hobgoblin barely misses you.
You hit the hobgoblin but do no damage.
The hobgoblin is heavily wounded.
The hobgoblin completely misses you.
You hit the hobgoblin but do no damage.
The hobgoblin is heavily wounded.
The hobgoblin hits you but does no damage.
You hit the hobgoblin.
You kill the hobgoblin!
No target in view!
No target in view!
The giant newt is too close now for your liking.
A giant newt is nearby!
A giant newt is nearby!
No target in view!
No target in view!
No target in view!
You barely miss the giant newt. The giant newt bites you.
You barely miss the giant newt. The giant newt closely misses you.
You barely miss the giant newt.
The giant newt bites you but does no damage.
You closely miss the giant newt. The giant newt closely misses you.
You hit the giant newt.
You kill the giant newt!
Your Fighting skill increases to level 1!
A goblin comes into view.
The goblin shouts!
A goblin is nearby!
A kobold comes into view.
Found 7 gold pieces.
The goblin completely misses you.
You closely miss the goblin.
The kobold shouts!
The goblin hits you.
* * * LOW HITPOINT WARNING * * *
The kobold throws a dart.
The dart misses you.
You hit the goblin but do no damage.
The kobold throws a dart.
The dart misses you. The goblin closely misses you.
You hit the goblin.
The goblin is severely wounded.
The goblin hits you.
You die...

..... ....... ..
......####.# ...K.#....
#######...##...#
..........##...#
..........##...# ..
.$.........##...#####....
.......g@................
.##....###..........###..
#....###...............
..............#.........
##. .##......####...... .
#......##........
#.#....##........
##.#.#####...#.#.. .
#......###...#.#..


You could see a goblin and a kobold.

Vanquished Creatures
  A ball python (D:1)
  2 hobgoblins (D:1)
  A giant newt (D:1)
4 creatures vanquished.

Notes
Turn   | Place    | Note
--------------------------------------------------------------
     0 | D:1      | Amnesiac, the Spriggan Artificer, began the quest for the Orb.
     0 | D:1      | Reached XP level 1. HP: 9/9 MP: 2/2
   159 | D:1      | Reached skill level 1 in Fighting
   171 | D:1      | Slain by a goblin

Action                   || total
-------------------------++-------
Melee: Short sword       ||    19
